 Dungeon Crawl Stone Soup version 0.31.0-32-g396128a36d (webtiles) character file.

Game seed: 8365083820719463574

39 monsoonserge the Ruffian (level 3, -3/28 HPs)
             Began as a Gnoll Shapeshifter on Mar 17, 2024.
             Succumbed to Terence's poison
             ... on level 2 of the Dungeon.
             The game lasted 00:02:04 (588 turns).

monsoonserge the Ruffian (Gnoll Shapeshifter)        Turns: 588, Time: 00:02:04

Health: -3/28      AC:  3    Str: 15    XL:     3   Next: 45%
Magic:  2/4        EV: 12    Int:  9    God:
Gold:   35         SH:  0    Dex: 11    Spells: 3/3 levels left

rFire   . .          .
                       - Unarmed
rCold   . . .        (no shield)
rNeg    . . .        j - +0 leather armour
rPois   .            (helmet currently unavailable)
rElec   .            (cloak currently unavailable)
rCorr   .            (gloves currently unavailable)
SInv    .            (boots currently unavailable)
Will    .....        e - amulet of guardian spirit
Stlth   +            (no ring)
HPRegen 0.24/turn    (no ring)
MPRegen 0.09/turn

%: guardian spirit
@: lethally poisoned (-3 -> -28), beast-form
A: beast (slay +3), fangs 1, strong nose, distributed training
a: Begin Untransformation


You were on level 2 of the Dungeon.
You were a hulking beast.
You visited 1 branch of the dungeon, and saw 2 of its levels.

You collected 35 gold pieces.

Inventory:

Armour
 a - a +0 animal skin
 j - a +0 leather armour (worn)
Magical Staves
 g - a staff of cold
Jewellery
 e - an amulet of guardian spirit (around neck)
 h - an amulet of reflection
Talismans
 c - a beast talisman
 d - a flux talisman
Scrolls
 f - a scroll of teleportation {unknown}
 k - a scroll of silence {unknown}
Potions
 b - a potion of lignification
 i - a potion of enlightenment {unknown}


   Skills:
 + Level 2.6 Fighting
 + Level 0.9 Short Blades
 + Level 0.9 Long Blades
 + Level 0.9 Axes
 + Level 0.9 Maces & Flails
 + Level 0.9 Polearms
 + Level 0.9 Staves
 + Level 0.9 Ranged Weapons
 + Level 0.9 Throwing
 + Level 0.9 Armour
 + Level 4.5 Dodging
 + Level 0.9 Stealth
 + Level 0.9 Shields
 + Level 6.5 Unarmed Combat
 + Level 0.9 Spellcasting
 + Level 0.6 Conjurations
 + Level 0.6 Hexes
 + Level 0.6 Summonings
 + Level 0.6 Necromancy
 + Level 0.6 Translocations
 + Level 0.6 Fire Magic
 + Level 0.6 Ice Magic
 + Level 0.6 Air Magic
 + Level 0.6 Earth Magic
 + Level 0.6 Alchemy
 + Level 1.0 Invocations
 + Level 0.9 Evocations
 + Level 6.5 Shapeshifting


You had 3 spell levels left.
You didn't know any spells.
Your spell library was empty.

Dungeon Overview and Level Annotations

Branches:
Dungeon (1/15)

Altars:

Shops:
D:1 (

Annotations:
D:2 Terence


Innate Abilities, Weirdness & Mutations

You are a hulking beast.
Your limbs bulge with bestial killing power. (Slay +3)
You have very sharp teeth.
Your uncanny sense of smell can sniff out nearby items.
Your experience applies equally to all skills.


Message History

The hobgoblin hits you but does no damage.
You punch the hobgoblin!
You kill the hobgoblin!
You see here a hobgoblin corpse.
Found a scroll labelled USAAME UWUM.
Found 23 gold pieces.
Terence the Incautious comes into view.
He is wielding a +2 hand axe of venom and wearing a +4 scale mail of cold resistance.
Found 9 gold pieces.
Terence shouts!
You punch Terence! You bite Terence.
Terence is severely wounded.
Terence hits you with a +2 hand axe of venom!
You are poisoned.
You barely miss Terence. Your bite misses Terence.
Terence is severely wounded.
You feel very sick. Terence barely misses you.
You hit Terence. You bite Terence.
Terence is almost dead.
You feel very sick.
Terence hits you with a +2 hand axe of venom.
You are lethally poisoned!
You hit Terence but do no damage.
Terence is almost dead.
You feel very sick.
You hit Terence but do no damage.
Terence is almost dead.
* * * LOW HITPOINT WARNING * * *
You feel very sick. Terence completely misses you.
You closely miss Terence.
Terence is almost dead.
* * * LOW HITPOINT WARNING * * *
You feel very sick.
Terence hits you with a +2 hand axe of venom.
* * * LOW HITPOINT WARNING * * *
You are more poisoned.
You hit Terence but do no damage.
Terence is almost dead.
You die...

#.# ..# #.. ##.#
# ... ....
#.###$## ..?
###.$....# #.#
......@h.###.##
########.##...##
#.##....##
#.##.....## #.#
#.....†...# #.#
######....# #.#
##.#.# #.# #.#.#
#.# #.#.####.#


You could see Terence.

Vanquished Creatures
  A ribbon worm (D:2)
  A dart slug (D:1)
  2 endoplasms (D:1)
  4 giant cockroaches (D:1)
  3 goblins (D:1)
  5 hobgoblins
  A kobold (D:1)
  2 quokkas
  2 ball pythons (D:1)
  4 bats (D:1)
  A frilled lizard (D:1)
  5 rats
31 creatures vanquished.

Notes
Turn   | Place    | Note
-------+----------+-------------------------------------------
     0 | D:1      | monsoonserge the Gnoll Shapeshifter began the quest for the
                  | Orb.
     0 | D:1      | Reached XP level 1. HP: 17/17 MP: 1/1
    15 | D:1      | Found Guopeim's Weapon Shoppe.
    41 | D:1      | Reached XP level 2. HP: 22/23 MP: 2/2
   228 | D:1      | Found a faded altar of an unknown god.
   285 | D:1      | Reached XP level 3. HP: 27/28 MP: 3/3
   519 | D:1      | You fall into a shaft and drop 1 floor!
   546 | D:2      | Reached skill level 1 in Invocations
   579 | D:2      | Noticed Terence
   587 | D:2      | HP: 1/28 [Terence/+2 hand axe of venom (3)]
   588 | D:2      | Succumbed to Terence's poison

Illustrated notes

Levels and vault maps discovered:
D:1:      giann_forest_graveyard, layout_loops_ring,
          dreamdust_ecumenical_altar_statues, serial_shops, shop
D:2:      layout_loops_ring, corexii_item_surrounded_by_moat, uniq_robin,
          uniq_terence, uniq_natasha

Skill      XL: |  1  2  3 |
---------------+----------+-----
Invocations    | 1 |  1.0
Fighting       | |  2.6
Short Blades   | |  0.9
Long Blades    | |  0.9
Axes           | |  0.9
Maces & Flails | |  0.9
Polearms       | |  0.9
Staves         | |  0.9
Ranged Weapons | |  0.9
Throwing       | |  0.9
Armour         | |  0.9
Dodging        | |  4.5
Stealth        | |  0.9
Shields        | |  0.9
Unarmed Combat | |  6.5
Spellcasting   | |  0.9
Conjurations   | |  0.6
Hexes          | |  0.6
Summonings     | |  0.6
Necromancy     | |  0.6
Translocations | |  0.6
Fire Magic     | |  0.6
Ice Magic      | |  0.6
Air Magic      | |  0.6
Earth Magic    | |  0.6
Alchemy        | |  0.6
Evocations     | |  0.9
Shapeshifting  | |  6.5

Action                     || total
---------------------------++-------
  Melee: Unarmed           ||    57
         Bite              ||     6
         Punch             ||     1
 Armour: Animal skin       ||    11
         Leather armour    ||     6
  Dodge: Dodged            ||    30
